 Dungeon Crawl Stone Soup version 0.31.0-11-ge490571c62 (webtiles) character file.

Game seed: 8936558599693438831

16 qw the Shooter (level 2, -3/16 HPs)
             Began as a Deep Elf Hunter on Feb 4, 2024.
             Slain by a ribbon worm (6 damage)
             ... on level 2 of the Dungeon.
             The game lasted 00:00:03 (1223 turns).

qw the Shooter (Deep Elf Hunter)                    Turns: 1223, Time: 00:00:03

Health: -3/16      AC:  5    Str:  8    XL:     2   Next: 37%
Magic:  4/4        EV: 10    Int: 13    God:
Gold:   35         SH:  0    Dex: 18    Spells: 1/1 levels left

rFire   . . .        a - +0 shortbow
rCold   . . .        (shield currently unavailable)
rNeg    . . .        h - +0 ring mail
rPois   .            (no helmet)
rElec   .            (no cloak)
rCorr   .            (no gloves)
SInv    .            (no boots)
Will    .....        (no amulet)
Stlth   +            (no ring)
HPRegen 0.22/turn    (no ring)
MPRegen 0.09/turn

%: no passive effects
@: no status effects
A: no striking features
a: no special abilities


You were on level 2 of the Dungeon.
You visited 1 branch of the dungeon, and saw 2 of its levels.

You collected 35 gold pieces.


   Skills:
 - Level 1.5 Fighting
 + Level 6.2 Ranged Weapons
 - Level 2.4 Dodging
 - Level 1.2 Stealth


You had one spell level left.
You didn't know any spells.
Your spell library was empty.

Inventory:

Hand Weapons
 a - a +0 shortbow (weapon)
Armour
 h - a +0 ring mail (worn)
Potions
 b - a potion of brilliance {unknown}
 f - a potion of degeneration {unknown}

Dungeon Overview and Level Annotations

Branches:
Dungeon (2/15)

Altars:


Message History

You shoot an arrow. The arrow hits the ribbon worm.
The ribbon worm is lightly wounded.
The ribbon worm closely misses you.
You shoot an arrow. The arrow hits the ribbon worm!
The ribbon worm is heavily wounded.
The ribbon worm bites you!
You shoot an arrow. The arrow hits the ribbon worm.
The ribbon worm is heavily wounded.
The ribbon worm expels a string of sticky webbing.
The stream of webbing hits you but does no damage.
You are caught in a web!
You struggle to detach yourself from the web.
The web tears apart.
The ribbon worm misses you.
You shoot an arrow.
The arrow barely misses the ribbon worm.
The ribbon worm misses you.
You shoot an arrow. The arrow hits the ribbon worm.
The ribbon worm is severely wounded.
The ribbon worm expels a string of sticky webbing.
The stream of webbing hits you but does no damage.
You are caught in a web!
The web tears apart.
The ribbon worm barely misses you.
You shoot an arrow.
The arrow barely misses the ribbon worm.
The ribbon worm bites you but does no damage.
You shoot an arrow. The arrow hits the ribbon worm.
The ribbon worm is severely wounded.
The ribbon worm closely misses you.
You shoot an arrow. The arrow hits the ribbon worm.
The ribbon worm is severely wounded.
The ribbon worm barely misses you.
You shoot an arrow.
The arrow completely misses the ribbon worm.
The ribbon worm bites you!
You shoot an arrow. The arrow hits the ribbon worm.
The ribbon worm is almost dead.
The ribbon worm bites you.
You die...

##### #. #...## #.
#.... #. ... ##.##
#w# ##...## #@# <.
#.....###.#######.#
#......>...........
......
#.....###########.#
#.....
##...######## #..#
#..... ##.#.......#
#..# #.....
#.#.#####.# #..#
#..... #.#.# #%#
#<.# #.....
##########.#.# #.#
#..# #.....


You could see a ribbon worm.

Vanquished Creatures
  2 dart slugs
  2 giant cockroaches
  2 hobgoblins (D:1)
  A quokka (D:2)
  2 ball pythons (D:1)
  A bat (D:1)
  A goblin (D:2)
  A kobold (D:1)
12 creatures vanquished.

Notes
Turn   | Place    | Note
-------+----------+-------------------------------------------
     0 | D:1      | qw the Deep Elf Hunter began the quest for the Orb.
     0 | D:1      | Reached XP level 1. HP: 12/12 MP: 3/3
     0 | D:1      | 0 ||| qw: Version: 0.3-a-160-g6735b56
     0 | D:1      | 0 ||| qw: Game counter: 4659
     0 | D:1      | 0 ||| qw: Melee chars always use a shield: true
     0 | D:1      | 0 ||| qw: God list: Okawaru
     0 | D:1      | 0 ||| qw: Allow faded altars: false
     0 | D:1      | 0 ||| qw: Do Orc after clearing Dungeon:15 true
     0 | D:1      | 0 ||| qw: Do second Lair branch before Depths: true
     0 | D:1      | 0 ||| qw: Lair rune preference: random
     0 | D:1      | 0 ||| qw: Goals: Normal
     0 | D:1      | 0 ||| PLANNING D:1-11
   245 | D:1      | Found a faded altar of an unknown god.
   398 | D:1      | Reached skill level 6 in Ranged Weapons
   398 | D:1      | Reached XP level 2. HP: 16/16 MP: 4/4
   874 | D:1      | 874 ||| UPGRADING to +0 ring mail.
   884 | D:1      | 884 ||| DROPPING +0 leather armour.
   885 | D:1      | 885 ||| READING scroll labelled JEHULU ZACEHI.
   986 | D:1      | 986 ||| READING scroll labelled BESIESCH KYHI.
   987 | D:1      | 987 ||| READING scroll labelled ADUPSO TEUD.
   990 | D:1      | 990 ||| READING scroll labelled ROLOTW JISAA.
  1019 | D:1      | 1019 ||| DROPPING scroll of butterflies.
  1222 | D:2      | HP: 3/16 [ribbon worm (7)]
  1223 | D:2      | Slain by a ribbon worm

Levels and vault maps discovered:
D:1:      minmay_arrival_plants_in_alcoves, layout_loops_corners,
          shapermc_ecumenical_altar_gd
D:2:      layout_loops_ring, kennysheep_generic_room_5

Skill      XL: |  1 |
---------------+----+-----
Ranged Weapons | 6 |  6.2
Fighting       | |  1.5
Dodging        | |  2.4
Stealth        | |  1.2

Action                     || total
---------------------------++-------
   Fire: Shortbow          ||    43
    Use: Scroll            ||     4
 Armour: Leather armour    ||     3
         Ring mail         ||     7
  Dodge: Dodged            ||    12

Table legend:
 A = Non-vault XP
 B = Vault XP
 C = Vault XP percentage of total XP
 D = Non-vault monster count
 E = Vault monster count
 F = Vault count percentage of total count
                 A         B        C        D         E       F
            +---------+---------+-------+---------+---------+-------
      Total |      23 |       0 |   0.0 |      12 |       0 |   0.0
            +---------+---------+-------+---------+---------+-------
        D:1 |      14 |       0 |   0.0 |       8 |       0 |   0.0
        D:2 |       9 |       0 |   0.0 |       4 |       0 |   0.0
            +---------+---------+-------+---------+---------+-------
